 Dungeon Crawl Stone Soup version 0.19.4-10-g532645f (webtiles) character file.

86 galech the Skirmisher (level 4, -5/49 HPs)
             Began as an Ogre Fighter on Feb 25, 2017.
             Slain by galech's ghost (10 damage)
             ... on level 3 of the Dungeon.
             The game lasted 00:03:28 (2050 turns).

galech the Skirmisher (Ogre Fighter)                Turns: 2050, Time: 00:03:29

Health: -5/49      AC:  3    Str: 27    XL:     4   Next: 50%
Magic:  4/4        EV:  9    Int:  7    God:
Gold:   173        SH:  9    Dex:  9    Spells: 0 memorised, 3 levels left

rFire  . . .     SeeInvis .     a - +0 flail
rCold  . . .     Gourm    .     b - +0 robe
rNeg   . . .     Faith    .     c - +0 shield
rPois  .         Spirit   .     (helmet restricted)
rElec  .         Reflect  .     (no cloak)
rCorr  .         Harm     .     (gloves unavailable)
MR     .....                    (boots unavailable)
Stlth  +.........               q - amulet of rage
                                (no ring)
                                (no ring)

@: mighty
A: unfitting armour, tough skin 1
a: Evoke Berserk Rage


You were on level 3 of the Dungeon.
You were not hungry.

You visited 1 branch of the dungeon, and saw 3 of its levels.

You collected 173 gold pieces.

Inventory:

Hand Weapons
 a - a +0 flail (weapon)
Armour
 b - a +0 robe (worn)
 c - a +0 shield (worn)
Jewellery
 q - an amulet of rage (around neck)
Scrolls
 l - a scroll of teleportation {unknown}
 n - 2 scrolls of identify {unknown}
 p - a scroll of immolation {unknown}
 t - a scroll of remove curse {unknown}
Potions
 e - 6 potions of curing {unknown}
 h - a potion of lignification {unknown}
 j - a potion of heal wounds
 m - a potion of cure mutation {unknown}
 o - a potion of magic {unknown}
Comestibles
 f - 2 bread rations
 g - 2 meat rations
 i - 2 royal jellies
 k - a chunk of flesh
 r - a beef jerky
 s - 3 fruits


   Skills:
 + Level 4.7 Fighting
 + Level 3.7 Maces & Flails
 + Level 3.3 Dodging
 + Level 0.1 Stealth
 + Level 3.2 Shields


You had 3 spell levels left.
You didn't know any spells.

Dungeon Overview and Level Annotations

Branches:
Dungeon (3/15)

Altars:
Fedhas
Kikubaaqudgha

Annotations:
D:3 galech's ghost, amateur OgFi


Innate Abilities, Weirdness & Mutations

You are too large for most types of armour.
You have tough skin. (AC +1)


Message History

You are too injured to fight recklessly!
You are too injured to fight recklessly!
You are too injured to fight recklessly!
You are too injured to fight recklessly!
You are too injured to fight recklessly!
You are too injured to fight recklessly!
You are too injured to fight recklessly!
You are too injured to fight recklessly!
You are too injured to fight recklessly!
Your shield prevents you from hitting galech's ghost.
Galech's ghost is heavily damaged.
Galech's ghost hits you!
* * * LOW HITPOINT WARNING * * *
You sock galech's ghost!
Galech's ghost is severely damaged.
You block galech's ghost's attack.
You sock galech's ghost!
Galech's ghost is almost destroyed.
Galech's ghost barely misses you. Galech's ghost hits you!
You die...

### ### ##.##..
########....# ##
#..........###.#
#.#
##[.....#..###
#.#
#.............
#.#
##.........###
#.#
#.......r....
#@#
##.#...##..###
#W###...#.## ..#
###r##..W...#
..#
#.[......r..#
...
#.#.##.....##
###.
#.#.###...## .#
#.#.# ##.## #
#.#.# ...#
#.#.##.#.#.#


You could see galech's ghost and a rat.

Vanquished Creatures
  An adder (D:2)
  An ooze (D:1)
  2 dart slugs (D:1)
  7 leopard geckos
  A ball python (D:3)
  11 bats
  A giant cockroach (D:2)
  7 goblins
  9 hobgoblins
  2 jackals (D:1)
  A quokka (D:2)
  5 frilled lizards
  7 kobolds
  5 rats
60 creatures vanquished.

Notes
Turn   | Place    | Note
-------+----------+-------------------------------------------
     0 | D:1      | galech the Ogre Fighter began the quest for the Orb.
     0 | D:1      | Reached XP level 1. HP: 24/24 MP: 1/1
    96 | D:1      | Reached XP level 2. HP: 24/33 MP: 2/2
   312 | D:1      | Reached XP level 3. HP: 29/40 MP: 3/3
  1118 | D:2      | Reached XP level 4. HP: 40/49 MP: 4/4
  1200 | D:2      | Found a blossoming altar of Fedhas.
  1202 | D:2      | Found an ancient bone altar of Kikubaaqudgha.
  1832 | D:3      | Found a faded altar of an unknown god.
  2017 | D:3      | Noticed galech's ghost (amateur OgFi)
  2050 | D:3      | Slain by galech's ghost

Skill      XL: |  1  2 |
---------------+-------+-----
Maces & Flails | 3 |  3.7
Dodging        | 3 |  3.3
Shields        | 3 |  3.2
Fighting       | |  4.7
Stealth        | |  0.1

Action                   |  1- 3 |  4- 6 || total
-------------------------+-------+-------++-------
Melee: Flail             |   118 |    72 ||   190
  Use: Potion            |       |     2 ||     2
  Eat: Chunk             |     1 |     3 ||     4
Armor: Robe              |    42 |     9 ||    51
Dodge: Dodged            |    50 |    21 ||    71
Block: Shield            |    66 |    27 ||    93
